AoeStats
← Philip♿

Lombardia

510163747Analyzed
3v3 RM · 2d ago on Sep 29, 2026· 54m 5s· 6 players
Game mode
Random Map
Map size
Normal (6 player)
Population
200
Speed
Normal
Resources
Standard
Victory
Conquest
Starting age
Dark Age
Ending age
Imperial Age
RankedLock teamsTeams togetherTeam positionsShared explorationLock speedFull tech treeHidden civsTurbo modeCheats
Victory
Defeat
🇸🇦 Chinese · Saudi Arabia
961
+10
🇲🇰 Varangians · North Macedonia
957
+10
🇸🇦 Persians · Saudi Arabia
681
+21
🇮🇹 Persians · Italy
832
-14
🇮🇹 Vietnamese · Italy
823
-14
🇮🇹 Franks · Italy
810
-13
andrealvt
2:05 Loom
11:37 Feudal Age
12:36 Double-Bit Axe
18:50 Castle Age
16:43 Horse Collar
18:29 Fletching
18:40 Scale Mail Armor
19:40 Forging
19:20 Pikeman
20:24 Squires
23:44 Heavy Plow
24:43 Bow Saw
25:13 Wheelbarrow
25:56 Town Watch
25:54 Elite Skirmisher
27:26 Gold Mining
27:26 Stone Mining
32:10 Imperial Age
30:31 Padded Archer Armor
32:42 Leather Archer Armor
32:23 Bodkin Arrow
33:59 Chemistry
32:32 Imperial Skirmisher
37:22 Iron Casting
37:02 Chain Mail Armor
37:50 Husbandry
39:30 Plate Mail Armor
39:42 Caravan
42:40 Halberdier
stefano.franchin12
11:29 Feudal Age
12:45 Double-Bit Axe
18:21 Castle Age
19:36 Bow Saw
21:11 Loom
23:02 Stone Mining
27:15 Wheelbarrow
30:11 Imperial Age
28:10 Gold Mining
30:21 Gold Shaft Mining
30:07 Fletching
32:00 Forging
32:25 Hand Cart
33:19 Bodkin Arrow
34:02 Elite Skirmisher
37:54 Pikeman
39:24 Iron Casting
38:17 Cavalier
39:31 Scale Mail Armor
39:40 Husbandry
41:20 Conscription
43:00 Ordonnance Companies
46:29 Caravan
50:04 Halberdier
51:47 Blast Furnace
sky_mt74
5:38 Loom
9:57 Feudal Age
10:39 Double-Bit Axe
15:05 Horse Collar
20:16 Castle Age
22:01 Stone Mining
23:42 Wheelbarrow
26:35 Hand Cart
29:15 Town Watch
32:48 Heavy Plow
33:02 Bow Saw
32:55 Town Patrol
37:06 Husbandry
37:17 Bloodlines
40:32 Imperial Age
38:42 Gold Mining
39:27 Stone Shaft Mining
39:14 Scale Mail Armor
39:25 Forging
39:20 Scale Barding Armor
48:49 Chain Barding Armor
48:45 Chain Mail Armor
49:05 Iron Casting
47:59 Pikeman
48:40 Squires
48:26 Arson
48:43 Halberdier
dre
10:30 Feudal Age
11:36 Double-Bit Axe
14:00 Bloodlines
16:26 Horse Collar
21:29 Castle Age
20:48 Gold Mining
22:48 Husbandry
23:06 Heavy Plow
23:59 Bow Saw
24:38 Wheelbarrow
23:53 Loom
29:12 Hand Cart
29:14 Town Watch
29:50 Forging
29:45 Scale Barding Armor
32:42 Town Patrol
32:34 Stone Mining
33:44 Iron Casting
33:29 Chain Barding Armor
37:07 Imperial Age
34:59 Ballistics
39:00 Blast Furnace
38:36 Plate Barding Armor
37:52 Fletching
38:14 Masonry
39:05 Chemistry
39:16 Stone Shaft Mining
39:43 Two-Man Saw
39:15 Crop Rotation
38:38 Elite Jarl
42:42 Bodkin Arrow
43:17 Conscription
48:18 Architecture
47:54 Siege Engineers
47:44 Murder Holes
Philip♿
10:22 Feudal Age
10:41 Double-Bit Axe
12:31 Horse Collar
18:50 Castle Age
21:05 Bow Saw
21:06 Heavy Plow
31:49 Gold Mining
31:49 Stone Mining
32:48 Wheelbarrow
32:29 Scale Barding Armor
32:24 Scale Mail Armor
32:39 Forging
32:29 Scale Mail Armor
32:35 Scale Barding Armor
32:20 Fletching
32:31 Padded Archer Armor
35:02 Hand Cart
37:57 Imperial Age
39:03 Chain Barding Armor
38:59 Chain Mail Armor
39:19 Iron Casting
39:16 Parthian Tactics
40:35 Elite War Elephant
44:57 Gold Shaft Mining
Topel
0:49 Loom
10:52 Feudal Age
11:42 Double-Bit Axe
11:41 Horse Collar
13:37 Stone Mining
13:39 Gold Mining
19:29 Castle Age
21:11 Stone Mining
24:00 Bow Saw
26:34 Fletching
28:05 Padded Archer Armor
28:18 Thumb Ring
30:26 Leather Archer Armor
33:52 Imperial Age
37:03 Conscription
45:39 Ballistics
46:19 Chemistry
46:09 Bodkin Arrow
46:44 Ring Archer Armor
45:40 Heavy Scorpion
47:01 Bracer
Connection lost

Rejoining the realm…

Still unreachable

The connection could not be restored.

Session expired

The server has moved on; the page needs a fresh start.